Unix xNetHack Version 8.0.0 - last build Jan 14 2024 16:46:22 (be4d3c81716514284228e1a23197c27ddb32b841). Game began 2024-03-07 21:47:07, ended 2024-03-10 18:03:36. Okoto, lawful female human Samurai --------- ----|....--.- #-..--........ ###- -..).......... |..##--...).......... --- ---...............--.. --.----........--...).^.-- ........-...<.----.......| .|.............----.....-- .............| |.....| .............| |.....-- .............---......-- -...................---...-- ..@................... ...... ..%.........--- -....- ...--.--...- --- -------- Okoto the Kunoichi St:16 Dx:17 Co:15 In:9 Wi:8 Ch:7 Lawful S:9721 Dlvl:10 $:235 HP:0(71) Pw:24(24) AC:1 Xp:8/1962 T:10274 Hungry Latest messages: You descend the stairs. #prvmsg: unknown extended command. You see here an arrow. Wait! There's something there you can't see! The quasit claws you! The quasit claws you! The quasit bites! It claws you! It claws you! It bites! The quasit claws you! The quasit claws you! The quasit bites! The quasit recoils from your iron katana! You kill the quasit! The quasit claws you! The quasit claws you! Your mithril elven ring mail blocks the quasit's attack. Wait! There's something there you can't see! It claws you! It misses! It misses! It misses! It claws you! It bites! The quasit misses! The quasit claws you! The quasit bites! It claws you! It claws you! It bites! You are beginning to feel hungry. You kill it! It just misses! It claws you! It misses! The quasit claws you! The quasit claws you! The quasit bites! The quasit claws you! The quasit claws you! The quasit bites! In what direction? j You kill the quasit! The death ray hits you! Do you want your possessions identified? [ynq] (y) y Do you want to see your attributes? [ynq] (y) y Do you want an account of creatures vanquished? [ynaq] (y) y Do you want to see your conduct and achievements? [ynq] (y) y Do you want to see the dungeon overview? [ynq] (y) y Inventory: Inventory: 671/825 weight (34/52 slots) Coins $ - 235 gold pieces {2} Amulets W - a blessed glass amulet of magical breathing (being worn) {17} Weapons x - 23 +0 ya (in quiver) {23} b - a +0 yumi {30} d - a +0 orcish dagger {10} k - a +2 katana (weapon in hand) {40} Armor w - an uncursed +1 orcish helm (being worn) {23} J - an uncursed +0 pair of dwarvish boots (being worn) {38} q - an uncursed +0 Uruk-hai shield (being worn) {38} y - an uncursed +0 orcish cloak (being worn) {8} m - an uncursed +0 mithril elven ring mail (being worn) {88} Comestibles E - an uncursed slime mold {5} A - an uncursed gunyoki {20} T - an uncursed gunyoki {20} L - 4 uncursed tripe rations {40} G - an uncursed lizard corpse {10} Scrolls t - an uncursed scroll of confuse monster {5} n - an uncursed scroll of create monster {5} P - an uncursed scroll of enchant armor {5} N - a blessed scroll of fire {5} D - an uncursed scroll of genocide {5} S - 2 uncursed scrolls of identify {10} X - a blessed scroll of teleportation {5} Z - an uncursed scroll of water {5} Spellbooks K - an uncursed spellbook of detect monsters named Teleport {45} F - an uncursed spellbook of wizard lock {40} Rings V - an uncursed +1 ring of gain strength (on left hand) {3} f - an uncursed ring of regeneration (on right hand) {3} e - an uncursed ring of stealth {3} Wands C - a wand of death named Sleep or Death (0:3) {7} B - a wand of fire (0:3) {7} Tools i - an uncursed bone osaku {1} I - a +0 pick-axe {100} r - an uncursed skeleton key {3} p - an uncursed towel {2} Okoto the Samurai's attributes: Background: You were a Kunoichi, a level 8 female human Samurai. You were lawful, on a mission for Amaterasu Omikami who was opposed by Raijin (neutral) and Susanowo (chaotic). You started out male. You were heterosexual. You were in the Gnomish Mines, on level 10. You entered the dungeon 10274 turns ago. There was a new moon in effect when your adventure ended. You had 1962 experience points, 598 more were needed to attain level 9. Your score was 9721 before end-of-game adjustments. Basics: You had 0 out of 71 hit points. You had all 24 energy points (spell power). Your armor class was 1. Your wallet contained 235 zorkmids. Autopickup was off. Final Characteristics: Your strength was 16 (base:15, peak:16, limit:18/100). Your dexterity was 17 (peak:18, limit:18). Your constitution was 15 (peak:17, limit:18). Your intelligence was 9 (limit:18). Your wisdom was 8 (limit:18). Your charisma was 7 (limit:18). Final Status: You were hungry. You were unencumbered. You were wielding a long sword. You were skilled in long sword and could have enhanced that. Final Attributes: You were piously aligned. You were sleep resistant. You could survive without air. You regenerated. You were guarded. You were fast. Amaterasu Omikami was angry with you. You are dead. Miscellaneous: You never encountered a bones level. Total elapsed playing time was 6 hours and 14 seconds. Major events: Turn 1: Okoto the lawful male human Samurai entered the dungeon 1085: attained the rank of Ronin (level 3) 2682: attained the rank of Ninja (level 6) 3878: entered the Gnomish Mines 3927: reached Mine Town 10274: killed by a death ray Vanquished creatures: an orc-captain 5 small mimics 2 wolves 3 leprechauns a giant spider a gnome ruler 2 brown puddings a Green-elf an owlbear 2 lizards a dingo a housecat 2 dust vortices 3 ravens a snake an ape 2 human zombies 2 imps 3 quasits a bugbear 4 Uruk-hai a rock mole 2 fog clouds 2 yellow lights 9 gnome leaders 2 gnomish wizards 2 gray oozes 4 elf zombies 2 giant ants a little dog 2 floating eyes 2 dwarves a homunculus 7 hill orcs a rothe a giant bat a werejackal 5 iguanas 4 acid blobs 4 coyotes a large kobold a hobgoblin 2 cave spiders a brown mold 43 gnomes 2 gnome zombies 4 geckos 4 jackals 3 goblins 3 sewer rats 4 grid bugs 4 lichens 2 kobold zombies 7 newts 174 creatures vanquished. No species were genocided or became extinct. Voluntary challenges: You read items or engraved 19 times. You never genocided any monsters. You never polymorphed an object. You never changed form. You never touched an artifact. You used no wishes. You never scared an enemy with impunity. You were celibate. You never generated conflict. Achievements: You attained the rank of Ronin. You entered a shop. You attained the rank of Ninja. You entered the Gnomish Mines. You entered Minetown. You entered a temple. Dungeon overview: The Dungeons of Doom: levels 1 to 9 Level 1: Level 2: A fountain. Level 3: A general store, a fountain. Level 4: A general store, a fountain. Stairs down to The Gnomish Mines. Level 5: Level 6: A scroll shop, some fountains. Level 7: A fountain, a grave. Level 8: Level 9: The Gnomish Mines: levels 5 to 10 Level 5: Level 6: Level 7: Many shops, a temple, some fountains. Level 8: Level 9: Level 10: <- You were here. Final resting place for you, killed by a death ray. Game over: __________ / \ / REST \ / IN \ / PEACE \ / \ | Okoto | | 235 Au | | killed by a | | death ray | | | | | | 2024 | *| * * * | * _________)/\\_//(\/(/\)/\//\/|_)_______ Sayonara Okoto the Samurai... You died in The Gnomish Mines on dungeon level 10 with 9698 points, and 235 pieces of gold, after 10274 moves. You were level 8 with a maximum of 71 hit points when you died.